 Dungeon Crawl Stone Soup version 0.17-a0-1176-g3d5a0d0 (webtiles) character file.

102 Sixotanaka the Cudgeler (level 4, -23/49 HPs)
             Began as an Ogre Berserker on May 31, 2015.
             Was a Believer of Trog.
             Killed from afar by AnnoyedKobold's ghost (37 damage)
             ... with a bolt of negative energy
             ... in an ossuary.
             The game lasted 00:04:46 (3061 turns).

Sixotanaka the Cudgeler (Ogre Berserker)            Turns: 3061, Time: 00:04:47

Health: -23/49     AC:  5    Str: 22    XL:     4   Next: 77%
Magic:  4/4        EV:  9    Int:  6    God:    Trog [**....]
Gold:   216        SH:  0    Dex: 10    Spells: 0 memorised, 3 levels left

rFire  . . .     SeeInvis .     a - +0 mace
rCold  + . .     Clarity  .     b - +0 animal skin
rNeg   . . .     SustAt   .     (no shield)
rPois  .         Gourm    .     (helmet restricted)
rElec  .         Spirit   .     s - +0 cloak
rCorr  .         Warding  .     (gloves unavailable)
rMut   .         Stasis   .     (boots unavailable)
MR     .....                    (no amulet)
Stlth  +.........               (no ring)
                                (no ring)

@: exhausted, very slightly contaminated, slowed, heavily drained, invisible,
very slow, not resistant to hostile enchantments, very unstealthy
A: unfitting armour, rugged brown scales 1, blurry vision 1, cold resistance 1,
tough skin 1
a: Burn Spellbooks, Berserk, Trog's Hand, Renounce Religion


You were in an ossuary.
You worshipped Trog.
Trog was pleased with you.
You were very hungry.

You visited 1 branch of the dungeon, and saw 4 of its levels.
You also visited: Ossuary.

You collected 216 gold pieces.


Innate Abilities, Weirdness & Mutations

You are too large for most types of armour.
You have tough skin (AC +1).
You are partially covered in rugged brown scales (AC +1, +3% HP).
Scrolls take you a little longer to read.
Your flesh is cold resistant.


   Skills:
 - Level 4.0(2.3) Fighting
 + Level 7.0(5.2) Maces & Flails
 - Level 2.6(1.0) Dodging


You had 3 spell levels left.
You didn't know any spells.

Dungeon Overview and Level Annotations

Branches:
Dungeon (4/15)
 Temple: D:4-7

Altars:
Trog

Annotations:
Ossuary AnnoyedKobold's ghost, experienced DrIE

Inventory:

Hand weapons
 a - a +0 mace (weapon)
Missiles
 h - 76 stones (quivered)
 x - 4 large rocks
Armour
 b - a +0 animal skin (worn)
 s - a +0 cloak (worn)
Jewellery
 o - an uncursed amulet of stasis
Magical devices
 z - a wand of polymorph (8)
Scrolls
 e - 2 scrolls of teleportation {@r4}
 k - a scroll of blinking {unknown}
 m - a scroll of recharging {unknown}
 q - a scroll of remove curse {unknown}
 w - a scroll of magic mapping
 y - a scroll of noise {unknown}
Potions
 j - 2 potions of lignification {!q}
 l - a potion of might {unknown}
 n - a potion of heal wounds {unknown}
 p - a potion of curing {unknown}
 r - a potion of poison {unknown}
 t - a potion of agility {unknown}
 u - 2 potions of invisibility
Comestibles
 c - 4 bread rations
 f - 9 fruits
 i - a beef jerky

#########
##.......##
##..@W.....#
#...∩..∩..##
##.......##
###.....#
##...##
##.## ##. .#
.#


You could see AnnoyedKobold's ghost.


Message History

You hit AnnoyedKobold's ghost.
AnnoyedKobold's ghost breathes negative energy at you.
The bolt of negative energy hits you!
You feel drained.
You hit AnnoyedKobold's ghost but do no damage.
AnnoyedKobold's ghost hits you.
You cannot go berserk while under stasis.
You hit AnnoyedKobold's ghost.
AnnoyedKobold's ghost casts a spell at you.
The shard of ice hits you! You partially resist.
* * * LOW HITPOINT WARNING * * *
AnnoyedKobold's ghost mumbles some strange words.
AnnoyedKobold's ghost blinks!
AnnoyedKobold's ghost mumbles some strange words.
AnnoyedKobold's ghost blinks!
Drink which item? (? for menu, Esc to quit)
Okay, then.
Here: AnnoyedKobold's ghost (lightly damaged, catching its breath)
The floor.
Drink which item? (? for menu, Esc to quit)
You fade into invisibility!
You are very lightly contaminated with residual magic.
Put on which piece of jewellery? (? for menu, Esc to quit)
Okay, then.
Take off which item? (? for menu, Esc to quit)
Okay, then.
You remove your amulet of stasis.
Drink which item? (? for menu, Esc to quit)
Okay, then.
Your skin crawls.
You feel resistant to hostile enchantments.
You feel slightly more hungry.
A red film seems to cover your vision as you go berserk!
You feel yourself moving faster!
You feel mighty!
You feel quite a bit more hungry.
AnnoyedKobold's ghost breathes negative energy at you.
The bolt of negative energy hits you!
You feel drained.
* * * LOW HITPOINT WARNING * * *
You feel a strong urge to attack something.
AnnoyedKobold's ghost hits you but does no damage.
You catch the helpless AnnoyedKobold's ghost completely off-guard!
You sock AnnoyedKobold's ghost! You closely miss AnnoyedKobold's ghost.
AnnoyedKobold's ghost misses you.
You strike the helpless AnnoyedKobold's ghost from behind!
You hit AnnoyedKobold's ghost but do no damage.
Unknown command.
There is an empty arch of ancient stone here.
You feel a strong urge to attack something.
You barely miss AnnoyedKobold's ghost.
You are no longer berserk.
You are exhausted.
You feel yourself slow down.
You are feeling very hungry.
AnnoyedKobold's ghost casts a spell at you.
* * * LOW HITPOINT WARNING * * *
You hit AnnoyedKobold's ghost.
AnnoyedKobold's ghost barely misses you.
AnnoyedKobold's ghost casts a spell.
AnnoyedKobold's ghost blinks!
You feel the effects of Trog's Hand fading.
You barely miss AnnoyedKobold's ghost.
Your skin stops crawling.
You feel less resistant to hostile enchantments.
AnnoyedKobold's ghost hits you.
* * * LOW HITPOINT WARNING * * *
You hit AnnoyedKobold's ghost but do no damage.
AnnoyedKobold's ghost hits you.
* * * LOW HITPOINT WARNING * * *
AnnoyedKobold's ghost breathes negative energy at you.
The bolt of negative energy hits you!
You feel drained.
Ouch! That really hurt!
You die...

Action                   |  1- 3 |  4- 6 || total
-------------------------+-------+-------++-------
Melee: Mace              |   108 |    53 ||   161
Invok: Berserk           |     2 |     1 ||     3
       Trog's Hand       |     1 |     1 ||     2
  Use: Scroll            |     1 |     4 ||     5
       Potion            |       |     2 ||     2
 Stab: Invisible         |       |     2 ||     2
  Eat: Chunk             |     5 |     4 ||     9

Vault maps used:
D:1:      erik_arrival_triangle_small
D:2:      lemuel_doored_altar
D:3:      first_bread
D:4:      lemuel_round_altar, gup_ossuary_entry_pyramid, minmay_box_of_dots
Ossuary:  ossuary_due_cavern

Notes
Turn   | Place    | Note
--------------------------------------------------------------
     0 | D:1      | Sixotanaka the Ogre Berserker began the quest for the Orb.
     0 | D:1      | Reached XP level 1. HP: 24/24 MP: 1/1
    76 | D:1      | Reached XP level 2. HP: 26/32 MP: 2/2
   112 | D:1      | Reached skill level 5 in Maces & Flails
   902 | D:1      | Acquired Trog's second power
  1048 | D:1      | Reached XP level 3. HP: 39/39 MP: 3/3
  1469 | D:2      | Reached skill level 6 in Maces & Flails
  1612 | D:2      | Found a bloodstained altar of Trog.
  2122 | D:3      | Reached XP level 4. HP: 27/48 MP: 4/4
  2847 | D:3      | Gained mutation: Your flesh is cold resistant. [potion of mutation]
  2847 | D:3      | Gained mutation: Scrolls take you a little longer to read. [potion of mutation]
  2847 | D:3      | Gained mutation: You are partially covered in rugged brown scales (AC +1, +3% HP). [potion of mutation]
  2919 | D:4      | Found a sand-covered staircase.
  2928 | D:4      | Reached skill level 7 in Maces & Flails
  3038 | Ossuary  | Entered an ossuary
  3038 | Ossuary  | Noticed AnnoyedKobold's ghost (experienced DrIE)
  3047 | Ossuary  | HP: 13/73 [AnnoyedKobold's ghost/bolt of negative energy (17)]
  3054 | Ossuary  | HP: 12/49 [AnnoyedKobold's ghost/Freeze (1)]
  3061 | Ossuary  | Killed from afar by AnnoyedKobold's ghost

Vanquished Creatures
  A mummy (D:4)
  2 adders
  2 oozes (D:3)
  2 worms
  4 giant geckos
  An orc (D:3)
  A ball python (D:3)
  6 bats
  2 giant cockroaches (D:2)
  4 hobgoblins
  9 kobolds
  A quokka (D:2)
  2 giant newts (D:2)
  10 goblins
  4 rats
51 creatures vanquished.
